 Dungeon Crawl Stone Soup version 0.23.2-1-ga50397a6bc (webtiles) character file.

Game seed: 2920920431994155352

77 Ethylacetat the Poker (level 4, -1/34 HPs)
             Began as a Demonspawn Gladiator on Apr 23, 2019.
             Slain by a gnoll (3 damage)
             ... on level 3 of the Dungeon.
             The game lasted 00:03:01 (2009 turns).

Ethylacetat the Poker (Demonspawn Gladiator)        Turns: 2009, Time: 00:03:02

Health: -1/34      AC:  3    Str: 14    XL:     4   Next: 14%
Magic:  0/4        EV: 12    Int: 10    God:
Gold:   100        SH:  0    Dex: 15    Spells: 3/3 levels left

rFire    . . .     SeeInvis .   n - +1 dagger (venom)
rCold    . . .     Gourm    .   (no shield)
rNeg     . . .     Faith    .   b - +0 leather armour
rPois    .         Spirit   +   (helmet restricted)
rElec    .         Reflect  .   (no cloak)
rCorr    .         Harm     .   (no gloves)
MR       .....                  (no boots)
Stlth    +.........             o - amulet of rage
HPRegen  0.11/turn              (no ring)
MPRegen  0.18/turn              (no ring)

@: no status effects
A: antennae 1, magic shield, magic regeneration
a: Evoke Berserk Rage


You were on level 3 of the Dungeon.
You were not hungry.

You visited 1 branch of the dungeon, and saw 3 of its levels.

You collected 100 gold pieces.

Inventory:

Hand Weapons
 a - a +0 trident
 n - a +1 dagger of venom (weapon)
Missiles
 d - 3 throwing nets (quivered)
Armour
 b - a +0 leather armour (worn)
 c - a +0 helmet
 k - a +0 buckler
Jewellery
 o - an amulet of rage (around neck)
 r - an uncursed amulet of harm {unknown}
Scrolls
 g - a scroll of amnesia {unknown}
 h - 2 scrolls of immolation {unknown}
 i - 3 scrolls of identify {unknown}
 j - a scroll of remove curse {unknown}
 l - a scroll of enchant weapon {unknown}
 q - 2 scrolls of blinking {unknown}
 s - a scroll of fear {unknown}
 t - a scroll of enchant armour {unknown}
Potions
 e - a potion of lignification {unknown}
 m - a potion of resistance {unknown}
Comestibles
 f - 4 rations
 p - 2 chunks of flesh


   Skills:
 + Level 2.9 Fighting
 - Level 3.4 Polearms
 - Level 1.7 Throwing
 - Level 2.6 Dodging
 + Level 1.3 Shields
 + Level 1.0 Unarmed Combat


You had 3 spell levels left.
You didn't know any spells.
Your spell library was empty.

Dungeon Overview and Level Annotations

Branches:
Dungeon (3/15)

Altars:
Kikubaaqudgha


Innate Abilities, Weirdness & Mutations

You have a pair of small antennae on your head.
When hurt, damage is shared between your health and your magic reserves.
You regenerate magic rapidly.


Message History

The gnoll hits you but does no damage. The gnoll closely misses you.
You hit the gnoll but do no damage.
The gnoll looks as sick as possible!
The gnoll is heavily wounded.
The gnoll hits you! The gnoll hits you with a +0 spear.
* * * LOW HITPOINT WARNING * * *
You hit the gnoll.
The gnoll is poisoned.
The gnoll is lightly wounded.
The gnoll closely misses you. The gnoll hits you with a +0 spear.
* * * LOW HITPOINT WARNING * * *
You barely miss the gnoll.
The gnoll is severely wounded.
The gnoll hits you but does no damage. The gnoll barely misses you.
You hit the gnoll.
You kill the gnoll!
Your Unarmed Combat skill increases to level 1!
You have reached level 4!
You feel clever.
Your demonic ancestry asserts itself...
You feel your magic shroud grow more resilient.
The gnoll hits you.
You die...

.# .# .#
.##### .....
# ##?..# #.
#)g..# #.
#@#..#
#.##....#
#.###....#.##
#..........#
#..
######.)###
#.# #.....#
#.# #.##..#
#.# #.##..#
#.# #)##..#
#.#


You could see a gnoll.

Vanquished Creatures
  2 gnolls (D:3)
  An adder (D:2)
  An ooze (D:2)
  2 dart slugs (D:1)
  A giant cockroach (D:2)
  3 goblins (D:2)
  6 hobgoblins
  5 kobolds
  4 quokkas (D:2)
  6 bats
  4 frilled lizards
  5 rats
40 creatures vanquished.

Notes
Turn   | Place    | Note
-------+----------+-------------------------------------------
     0 | D:1      | Ethylacetat the Demonspawn Gladiator began the quest for
                  | the Orb.
     0 | D:1      | Reached XP level 1. HP: 16/16 MP: 1/1
   390 | D:1      | Reached skill level 3 in Polearms
   615 | D:1      | Gained mutation: You have a pair of small antennae on your
                  | head. [demonic ancestry]
   615 | D:1      | Reached XP level 2. HP: 22/22 MP: 2/2
  1112 | D:2      | Gained mutation: When hurt, damage is shared between your
                  | health and your magic reserves. [demonic ancestry]
  1112 | D:2      | Reached XP level 3. HP: 13/28 MP: 3/3
  1472 | D:2      | Found an ancient bone altar of Kikubaaqudgha.
  1611 | D:2      | Reached skill level 1 in Shields
  2007 | D:3      | HP: 1/28 [gnoll/+0 spear (5)]
  2009 | D:3      | Reached skill level 1 in Unarmed Combat
  2009 | D:3      | Gained mutation: You regenerate magic rapidly. [demonic
                  | ancestry]
  2009 | D:3      | Reached XP level 4. HP: 2/34 MP: 0/4
  2009 | D:3      | Slain by a gnoll

Skill      XL: |  1  2  3 |
---------------+----------+-----
Polearms       | 3 |  3.4
Shields        | 1 |  1.3
Unarmed Combat | 1 |  1.0
Fighting       | |  2.9
Throwing       | |  1.7
Dodging        | |  2.6

Action                   |  1- 3 |  4- 6 || total
-------------------------+-------+-------++-------
Melee: Trident           |    26 |       ||    26
       Dagger            |    88 |       ||    88
 Stab: Sleeping          |     1 |       ||     1
  Eat: Chunk             |     3 |       ||     3
Armor: Leather armour    |    20 |       ||    20
Dodge: Dodged            |    63 |       ||    63
